 Dungeon Crawl Stone Soup version 0.32-a0-938-g40ac7a0f4d (webtiles) character file.

Game seed: 11120253422369539362

45 ParallaxScroll the Chopper (level 3, 0/31 HPs)
             Began as a Mountain Dwarf Fighter on Apr 16, 2024.
             Killed by nerve-wracking pain
             ... invoked by Jessica
              (12 damage)
             ... on level 2 of the Dungeon.
             The game lasted 00:04:13 (1412 turns).

ParallaxScroll the Chopper (Mountain Dwarf Fighter) Turns: 1412, Time: 00:04:14

Health: 0/31       AC:  6    Str: 20    XL:     3   Next: 42%
Magic:  3/3        EV:  8    Int:  8    God:
Gold:   109        SH:  4    Dex:  9    Spells: 2/2 levels left

rFire   . . .        a - +0 war axe
rCold   . . .        c - +0 buckler
rNeg    . . .        b - +0 scale mail
rPois   .            (no helmet)
rElec   .            (no cloak)
rCorr   +            (no gloves)
SInv    .            (no boots)
Will    .....        (no amulet) Stlth
                     p - ring of resist corrosion
HPRegen 0.25/turn    (no ring)
MPRegen 0.08/turn

%: no passive effects
@: mighty
A: runic magic, artefact enchanting
a: no special abilities


You were on level 2 of the Dungeon.
You visited 1 branch of the dungeon, and saw 2 of its levels.

You collected 109 gold pieces.

Inventory:

Hand Weapons
 a - a +0 war axe (weapon)
 o - a +0 sling
Missiles
 e - 4 javelins
 h - 23 stones
 n - a poisoned dart (quivered)
Armour
 b - a +0 scale mail (worn)
 c - a +0 buckler (worn)
Magical Staves
 k - a staff of death
Jewellery
 p - a ring of resist corrosion (left hand)
Scrolls
 f - 2 scrolls of identify
 i - a scroll of enchant armour
Potions
 d - a potion of might
 g - 2 potions of attraction {unknown}
 j - a potion of brilliance
 l - a potion of ambrosia {unknown}
 m - a potion of haste {unknown}


   Skills:
 - Level 3.2 Fighting
 + Level 4.7 Axes
 - Level 3.2 Armour
 - Level 3.2 Shields


You had 2 spell levels left.
You didn't know any spells.
Your spell library was empty.

Dungeon Overview and Level Annotations

Branches:
Dungeon (2/15)

Altars:

Annotations:
D:2 Jessica


Innate Abilities, Weirdness & Mutations

Your spellcasting is much less encumbered by armour.
You can use scrolls of enchantment on lesser artefacts.


Message History

The goblin shouts!
The hobgoblin shouts!
You start waiting.
There are monsters nearby!
You slash the goblin!
You kill the goblin!
You slash the hobgoblin!
You kill the hobgoblin!
You see here a +0 club.
There is a stone staircase leading down here.
Jessica the Apprentice Sorceress comes into view.
She is wielding a +0 dagger.
Jessica mumbles some strange words.
Jessica blinks!
Jessica moves out of view.
You start waiting.
Jessica is nearby!
Jessica gestures at you while chanting.
You barely resist. You barely miss Jessica.
Jessica gestures wildly while chanting.
Jessica seems to speed up.
Jessica hits you with a +0 dagger.
You barely miss Jessica.
Jessica mumbles some strange words.
Jessica blinks!
Jessica mumbles something strange.
Throw: 2 darts (poison)
Press: ? - help, Q - select action, (/) - cycle Shift-Dir - straight line, f - Jessica
Aim: Jessica, wielding a +0 dagger and wearing a +0 robe (fast, 50% to hit)
You throw a poisoned dart.
The poisoned dart closely misses Jessica.
Jessica grins evilly.
Jessica casts a spell at you. Pain shoots through your body!
You feel very mighty all of a sudden. Jessica gestures at you while chanting.
Pain shoots through your body! You block Jessica's attack.
Jessica mumbles some strange words.
Jessica blinks!
Jessica casts a spell at you. Pain shoots through your body!
You die...

#............#
########.###.#
#.# #.# .. #.#
#.### .# #+#
#.#.. ยง. #.#(#
.# #.#.# ..#
#.#.##..# .
#.#@#..# ...
#)#...#
.....##.#.@#####
.......>.........
............#####
............#
#####.......#
#.......#
#.......#


You could see Jessica (fast).

Vanquished Creatures
  2 dart slugs (D:1)
  A ribbon worm (D:2)
  3 giant cockroaches
  2 hobgoblins (D:2)
  4 jackals (D:1)
  4 quokkas
  3 ball pythons
  6 bats (D:1)
  2 frilled lizards (D:1)
  4 goblins
  3 kobolds
  3 rats (D:1)
37 creatures vanquished.

Notes
Turn   | Place    | Note
-------+----------+-------------------------------------------
     0 | D:1      | ParallaxScroll the Mountain Dwarf Fighter began the quest
                  | for the Orb.
     0 | D:1      | Reached XP level 1. HP: 19/19 MP: 1/1
   222 | D:1      | Reached skill level 3 in Axes
   268 | D:1      | Reached XP level 2. HP: 26/26 MP: 2/2
   490 | D:1      | Reached skill level 4 in Axes
   753 | D:1      | Reached XP level 3. HP: 29/31 MP: 3/3
  1396 | D:2      | Noticed Jessica
  1412 | D:2      | Killed from afar by Jessica

Illustrated notes

Levels and vault maps discovered:
D:1:      sevenhm_arrival_forest_fort_large_4, layout_basic, chequers_arboretum
D:2:      layout_basic, basic_altar, kennysheep_minor_cross, uniq_robin,
          uniq_jessica

Skill      XL: |  1  2 |
---------------+-------+-----
Axes           | 3 4 |  4.7
Fighting       | |  3.2
Armour         | |  3.2
Shields        | |  3.2

Action                     || total
---------------------------++-------
  Melee: War axe           ||   139
  Throw: Dart              ||     1
    Use: Scroll            ||     2
         Potion            ||     1
 Armour: Scale mail        ||   121
  Dodge: Dodged            ||    51
  Block: Buckler           ||    36

Table legend: (Time is in decaauts)
 A = Elapsed time spent in this place.
 B = Non-inter-level travel time spent in this place.
 C = Inter-level travel time spent in this place.
 D = Time resting spent in this place.
 E = Time spent auto-exploring this place.
 F = Levels seen in this place.
 G = Mean time per level.
                   A        B        C        D        E       F      G
               +--------+--------+--------+--------+--------+-----+--------+
         Total |   1460 |   1424 |     36 |    137 |    975 |   2 |  730.0 |
       Dungeon |   1460 |   1424 |     36 |    137 |    975 |   2 |  730.0 |
               +--------+--------+--------+--------+--------+-----+--------+

Top non-repeatable levels by time:
     D:1: 1048 daAuts
     D:2: 411 daAuts
